 Dungeon Crawl Stone Soup version 0.29-a0-270-g1586fc07ea (webtiles) character file.

Game seed: 13895864077440457205

1442 Ajdolov the Martial Artist (level 8, 0/82 HPs)
             Began as an Octopode Transmuter on Mar 8, 2022.
             Was an Initiate of Gozag.
             Slain by an ice beast (14 damage)
             ... on level 6 of the Dungeon.
             The game lasted 00:15:15 (8204 turns).

Ajdolov the Martial Artist (Octopode Transmuter)    Turns: 8204, Time: 00:15:15

Health: 0/82       AC: 24    Str:  9    XL:     8   Next: 74%
Magic:  11/11      EV:  2    Int: 18    God:    Gozag
Gold:   380        SH:  0    Dex: 12    Spells: 3/11 levels left

rFire   . . .      SeeInvis .     - Unarmed
rCold   . . .      Faith    .   (no shield)
rNeg    . . .      Spirit   .   (helmet currently unavailable)
rPois   +          Reflect  .   t - amulet of magic regeneration
rElec   .          Harm     .   (no ring)
rCorr   .          Rampage  .   (no ring)
Will    .....      NoTele   +   (no ring)
Stlth   +++.......              (no ring)
HPRegen 0.23/turn               (no ring)
MPRegen 0.52/turn               (no ring)
                                (no ring)
                                (no ring)

@: tree-form
A: stationary, stasis, torment immunity, boosted hp, almost no armour,
(amphibious), 8 rings, (camouflage 1), (gelatinous body 1), (nimble swimmer 1),
(tentacles)
a: Renounce Religion, Potion Petition, Call Merchant, Bribe Branch


You were on level 6 of the Dungeon.
You worshipped Gozag.
Gozag was aware of your devotion.
You were a tree.
You visited 1 branch of the dungeon, and saw 6 of its levels.

You collected 477 gold pieces.
You spent 33 gold pieces at shops.
You paid 64 gold pieces to Gozag.

Inventory:

Jewellery
 t - an amulet of magic regeneration (around neck)
Wands
 h - a wand of digging (7)
 q - a wand of flame (13)
Scrolls
 d - a scroll of magic mapping {unknown}
 e - a scroll of holy word {unknown}
 f - 2 scrolls of enchant weapon {unknown}
 j - a scroll of teleportation {unknown}
 k - a scroll of silence {unknown}
 l - a scroll of fog {unknown}
 n - 2 scrolls of noise {unknown}
 o - 2 scrolls of enchant armour {unknown}
 r - 2 scrolls of fear {unknown}
 v - a scroll of brand weapon {unknown}
 w - a scroll of blinking {unknown}
Potions
 b - a potion of brilliance
 c - a potion of flight
 i - a potion of haste
 m - a potion of curing
 p - a potion of resistance {unknown}
 s - a potion of attraction {unknown}
 u - a potion of mutation {unknown}


   Skills:
 + Level 5.1 Fighting
 - Level 2.0 Dodging
 - Level 7.5 Stealth
 * Level 8.0 Unarmed Combat
 - Level 2.0 Spellcasting
 - Level 2.0 Transmutations


You had 3 spell levels left.
You knew the following spells:

 Your Spells              Type           Power      Damage    Failure   Level
a - Beastly Appendage     Tmut           18%        N/A       8%          1
b - Spider Form           Tmut/Pois      5%         N/A       34%         3
c - Ice Form              Ice/Tmut       5%         N/A       75%         4

Your spell library contained the following spells:

 Spells                   Type           Power      Damage    Failure   Level
 Wereblood                Tmut           9%         N/A       12%         2
 Animate Skeleton         Necr           2%         N/A       19%         1
 Apportation              Tloc           2%         N/A       19%         1
 Pain                     Necr           4%         1d4       19%         1
 Vampiric Draining        Necr           1%         2d6       47%         3
 Alistair's Intoxication  Tmut/Pois      3%         N/A       97%         5
 Agony                    Necr           1%         N/A       99%         5
 Excruciating Wounds      Necr           0%         N/A       99%         5


Dungeon Overview and Level Annotations

Branches:
Dungeon (6/15)             Temple (0/1) D:5

Altars:
Gozag
Kikubaaqudgha
Wu Jian

Shops:
D:2 !   D:3 [!   D:5 ==*

Annotations:
D:5 exclusions: acid dragon, ice beast and 4 killer bees


Innate Abilities, Weirdness & Mutations

You are a tree.
Your roots penetrate the ground, keeping you stationary.
You cannot be teleported.
You are immune to unholy pain and torment.
Your maximum health is greatly increased.
You cannot wear most types of armour.
((You are amphibious.))
You can wear up to eight rings at the same time.
((Your skin changes colour to match your surroundings (Stealth+).))
((Your rubbery body absorbs attacks. (AC +1, EV +1)))
((You are camouflaged when in or above water. (Stealth+)))
((You have tentacles for arms and can constrict up to eight enemies at once.))


Message History

You tentacle-slap the water moccasin but do no damage.
Your grab misses the water moccasin.
Your tentacle-slap misses the water moccasin.
The water moccasin is almost dead.
The water moccasin misses you.
You bludgeon the water moccasin!
You kill the water moccasin!
Your Unarmed Combat skill increases to level 8!
You now have 380 gold pieces (gained 4).
You hear the rusting of a distant drain.
Found a stone staircase leading up.
You hear the brisk rusting of a distant drain.
Found 15 stones.
Found a rapier and 2 javelins.
An ice beast comes into view.
You hear the brisk rusting of a drain very nearby.
The helpless ice beast fails to defend itself.
You tentacle-slap the ice beast but do no damage.
The ice beast hits you. The ice beast freezes you!
You tentacle-slap the ice beast but do no damage.
You tentacle-slap the ice beast but do no damage.
Your tentacle-slap misses the ice beast.
The ice beast barely misses you.
You tentacle-slap the ice beast. You squeeze the ice beast.
The ice beast is moderately wounded.
The ice beast hits you. The ice beast freezes you!
You tentacle-slap the ice beast. Your squeeze misses the ice beast.
The ice beast is moderately wounded.
The ice beast barely misses you.
You barely miss the ice beast.
The ice beast is moderately wounded.
The ice beast hits you. The ice beast freezes you!
* * * LOW HITPOINT WARNING * * *
The ice beast attacks as you move away! The ice beast closely misses you.
Really quaff the potion of lignification?
You turn into a tree.
Your roots penetrate the ground.
The ice beast hits you.
* * * LOW HITPOINT WARNING * * *
The ice beast freezes you!
You die...
Your body crumbles into a pile of gold.

##.#.# #.# .#.# #.#
.#.# #.# #.# #.# #.#
#####.##### # #.#
#.........# ###.
#####.#.# #.........#
.... ......#Y###
#.........# ###.
#.♣..# #.........#
+....# #.........#
#+#....# #.........#
#..(...# #...(.....#
###.....###.........#
.....................#
#####)..###.####.#####
##.## #.# #.# #. #.#
#.#


You could see an ice beast.

Vanquished Creatures
  Pikel (D:5)
  An acid dragon (D:5)
  2 water moccasins
  A sky beast (D:6)
  An ice beast (D:5)
  A black bear (D:5)
  A lemure (D:5)
  A scorpion (D:5)
  2 jellies
  A hound (D:5)
  An iguana (D:5)
  A mummy (D:5)
  3 gnolls (D:6)
  9 adders
  A worm (D:3)
  5 dart slugs
  7 orcs
  7 bats
  4 endoplasms
  5 giant cockroaches
  6 goblins
  7 hobgoblins
  3 jackals (D:2)
  2 kobolds (D:1)
  6 quokkas
  4 ball pythons
  A frilled lizard (D:3)
  2 hobgoblin zombies (D:5)
  A kobold zombie (D:5)
  An orc zombie (D:5)
  6 rats
94 creatures vanquished.

Vanquished Creatures (others)
  A human (D:3)
1 creature vanquished.

Grand Total: 95 creatures vanquished

Notes
Turn   | Place    | Note
-------+----------+-------------------------------------------
     0 | D:1      | Ajdolov the Octopode Transmuter began the quest for the
                  | Orb.
     0 | D:1      | Reached XP level 1. HP: 13/13 MP: 3/3
   169 | D:1      | Reached skill level 1 in Stealth
   547 | D:1      | Reached XP level 2. HP: 10/18 MP: 5/5
  1452 | D:1      | Reached XP level 3. HP: 20/23 MP: 6/6
  1595 | D:1      | Learned a level 3 spell: Spider Form
  1795 | D:2      | Found a faded altar of an unknown god.
  1896 | D:2      | Found Vehudepp's Distillery.
  2602 | D:2      | Reached skill level 5 in Stealth
  2766 | D:3      | Reached XP level 4. HP: 11/28 MP: 4/7
  3221 | D:3      | Found an ancient bone altar of Kikubaaqudgha.
  3222 | D:3      | Noticed a human
  3224 | D:3      | Killed a human
  3239 | D:3      | Found Weal's Distillery.
  3247 | D:3      | Bought a potion of curing for 33 gold pieces
  3347 | D:3      | Noticed a gnoll sergeant
  4040 | D:3      | Found Futov's Armour Boutique.
  4214 | D:4      | Found an opulent altar of Gozag.
  4221 | D:4      | Became a worshipper of Gozag Ym Sagoz the Greedy
  4351 | D:4      | Reached XP level 5. HP: 33/33 MP: 8/8
  4415 | D:4      | Found an ornate altar of the Wu Jian Council.
  4429 | D:4      | Identified the +5 mace of Exhibitionism {vorpal, *Rage
                  | rC+++ Dex+2 SInv}
  4593 | D:5      | Entered Level 5 of the Dungeon
  4866 | D:5      | Learned a level 4 spell: Ice Form
  5048 | D:5      | Noticed a black bear
  5053 | D:5      | Noticed a lemure
  5060 | D:5      | Killed a black bear
  5061 | D:5      | Reached XP level 6. HP: 24/39 MP: 9/9
  5223 | D:5      | Reached skill level 4 in Unarmed Combat
  5412 | D:5      | Found a staircase to the Ecumenical Temple.
  5412 | D:5      | Noticed Pikel
  5435 | D:5      | Killed Pikel
  5436 | D:5      | Reached skill level 6 in Unarmed Combat
  5436 | D:5      | Reached XP level 7. HP: 13/47 MP: 10/10
  6165 | D:5      | Found Taifacoa's Jewellery Shop.
  6265 | D:5      | Found Ustriori's Jewellery Shop.
  6289 | D:5      | Found Qudanuix's General Store.
  6712 | D:5      | Reached XP level 8. HP: 25/54 MP: 9/11
  7174 | D:5      | Reached skill level 7 in Unarmed Combat
  7907 | D:6      | Reached skill level 5 in Fighting
  8071 | D:6      | Reached skill level 8 in Unarmed Combat
  8204 | D:6      | Slain by an ice beast

Illustrated notes

Levels and vault maps discovered:
D:1:      dpeg_arrival_oval, layout_loops_corners
D:2:      layout_basic, chequers_ecumenical_altar_island, serial_shops, shop
D:3:      layout_loops_ring, tgw_kikubaaqudgha, serial_shops, shop_statue,
          nicolae_shop_crystal, due_unseen_surprise
D:4:      layout_cave_pools, lemuel_tele_altar, grunt_gozag_statues
D:5:      layout_layer_cave, minmay_temple_entry_mini_moons, serial_shops,
          nicolae_shop_crystal, nicolae_stop_n_shop_2, nicolae_shop_statue_plus,
          st_stairs_1, minmay_mini_ossuary, uniq_pikel
D:6:      layout_loops_ring, nemelex_diamond_rough_becter, portal_sewer_entry_b,
          serial_shops, nicolae_shop_behind_doors

Skill      XL: |  1  2  3  4  5  6  7  8 |
---------------+-------------------------+-----
Stealth        | 2 3 5 6 7 |  7.5
Fighting       | 3 4 5 |  5.1
Unarmed Combat | 6 8 |  8.0
Dodging        | |  2.0
Spellcasting   | |  2.0
Transmutations | |  2.0

Action                   |  1- 3 |  4- 6 |  7- 9 || total
-------------------------+-------+-------+-------++-------
Melee: Unarmed           |    96 |   122 |    69 ||   287
       Constrict         |    24 |    24 |     5 ||    53
       Tentacles         |    19 |    24 |     8 ||    51
       Punch             |     4 |     6 |       ||    10
 Cast: Spider Form       |     2 |     4 |     3 ||     9
       Ice Form          |       |       |     2 ||     2
Evoke: Wand              |       |       |     2 ||     2
  Use: Scroll            |     4 |     1 |       ||     5
       Potion            |       |     3 |     5 ||     8
 Stab: Sleeping          |    15 |    12 |     5 ||    32
       Distracted        |     1 |       |       ||     1
Armor: Skin              |     7 |     7 |     2 ||    16
Dodge: Dodged            |    85 |    89 |    36 ||   210

Table legend: (Time is in decaauts)
 A = Elapsed time spent in this place.
 B = Non-inter-level travel time spent in this place.
 C = Inter-level travel time spent in this place.
 D = Time resting spent in this place.
 E = Time spent auto-exploring this place.
 F = Levels seen in this place.
 G = Mean time per level.
                   A        B        C        D        E       F      G
               +--------+--------+--------+--------+--------+-----+--------+
         Total |   8195 |   7917 |    278 |   2354 |   4392 |   6 | 1365.8 |
       Dungeon |   8195 |   7917 |    278 |   2354 |   4392 |   6 | 1365.8 |
               +--------+--------+--------+--------+--------+-----+--------+

Top non-repeatable levels by time:
     D:5: 2554 daAuts
     D:1: 1593 daAuts
     D:2: 1427 daAuts
     D:4: 1145 daAuts
     D:3: 1061 daAuts
     D:6: 412 daAuts
